 Dungeon Crawl Stone Soup version 0.31-a0-788-ga445dbd2db (webtiles) character file.

Game seed: 11372430574557794286

365 Ordine the Conjurer (level 6, 6/32 HPs)
             Began as a Deep Elf Conjurer on Sept 18, 2023.
             Quit the game on level 4 of the Dungeon.
             The game lasted 00:09:49 (4044 turns).

Ordine the Conjurer (Deep Elf Conjurer)             Turns: 4044, Time: 00:09:49

Health: 6/32       AC:  3    Str:  4    XL:     6   Next: 40%
Magic:  1/15       EV: 12    Int: 25    God:
Gold:   167        SH:  0    Dex: 13    Spells: 6/15 levels left

rFire   . . .        o - +3 dagger
rCold   . . .        (no shield)
rNeg    . . .        a - +0 robe
rPois   .            (no helmet)
rElec   .            m - +0 cloak
rCorr   .            (no gloves)
SInv    .            (no boots)
Will    .....        (no amulet)
Stlth   ++           (no ring)
HPRegen 0.25/turn    (no ring)
MPRegen 0.14/turn

%: no passive effects
@: lethally poisoned (6 -> 0)
A: no striking features
a: no special abilities


You were on level 4 of the Dungeon.
You visited 1 branch of the dungeon, and saw 4 of its levels.

You collected 167 gold pieces.

Inventory:

Hand Weapons
 o - a +3 dagger (weapon)
Armour
 a - a +0 robe (worn)
 m - a +0 cloak (worn)
Jewellery
 h - a ring of fire
Wands
 j - a wand of acid (11)
Scrolls
 d - a scroll of fog {unknown}
 f - 2 scrolls of identify {unknown}
 g - 4 scrolls of teleportation {unknown}
 i - a scroll of torment {unknown}
 k - a scroll of acquirement {unknown}
 l - a scroll of brand weapon {unknown}
Potions
 b - a potion of magic
 c - a potion of curing {unknown}
 e - 2 potions of berserk rage {unknown}
 n - a potion of mutation {unknown}


   Skills:
 - Level 3.0 Dodging
 - Level 3.0 Stealth
 + Level 5.2 Spellcasting
 * Level 6.7 Conjurations
 + Level 2.6 Translocations


You had 6 spell levels left.
You knew the following spells:

 Your Spells              Type           Power      Damage    Failure   Level
a - Magic Dart            Conj           100%       1d8       1%          1
b - Searing Ray           Conj           80%        2d7       1%          2
c - Iskenderun's Mystic   Conj/Tloc      30%        2d8       12%         4
z - Blink                 Tloc           38%        N/A       4%          2

Your spell library contained the following spells:

 Spells                   Type           Power      Damage    Failure   Level
 Momentum Strike          Conj/Tloc      60%        3d9       1%          2
 Apportation              Tloc           38%        N/A       2%          1
 Lesser Beckoning         Tloc           38%        N/A       4%          2
 Dazzling Flash           Conj/Hex       46%        N/A       6%          3
 Slow                     Hex            24%        N/A       9%          1
 Volatile Blastmotes      Fire/Tloc      26%        2d12      14%         3
 Fulminant Prism          Conj/Hex       11%        3d8       21%         4
 Confusing Touch          Hex            6%         N/A       24%         3
 Sigil of Binding         Hex            6%         N/A       24%         3
 Vampiric Draining        Necr           6%         2d6       24%         3
 Animate Dead             Necr           6%         N/A       63%         4
 Conjure Ball Lightning   Conj/Air       11%        3x3d6     97%         6
 Haunt                    Necr/Summ      3%         N/A       100%        7
 Discord                  Hex            3%         N/A       100%        8
 Disjunction              Tloc           9%         N/A       100%        8
 Infestation              Necr           3%         N/A       100%        8


Dungeon Overview and Level Annotations

Branches:
Dungeon (4/15)
 Temple: D:4-7

Altars:
Cheibriados
Kikubaaqudgha
Makhleb
Trog


Message History

The orc wizard is heavily wounded.
The searing ray misses the orc.
The searing ray hits the hobgoblin.
The hobgoblin is moderately wounded.
The orc wizard casts a spell at you. The magic dart hits you!
The searing ray misses the orc wizard.
The scorpion completely misses you.
The searing ray hits the orc!
You kill the orc!
The searing ray misses the hobgoblin.
You finish channelling your searing ray.
The scorpion closely misses you. The orc wizard barely misses you.
The scorpion attacks as it pursues you! The scorpion barely misses you.
The orc wizard hits you with a +0 dagger.
Casting: Searing Ray (safe; 1% risk of failure)
Confirm with . or Enter, or press ? or * to list all spells.
You blink.
The orc wizard casts a spell.
The orc wizard flickers and vanishes!
Deactivating autopickup; reactivate with Ctrl-A.
Casting: Blink (safe; 4% risk of failure)
Confirm with . or Enter, or press ? or * to list all spells.
Aiming: Searing Ray (safe; 1% risk of failure)
Press: ? - help, Shift-Dir - straight line, f - scorpion
Aim: a scorpion (moderately wounded, 82% to hit)
The searing ray misses the scorpion. (Press . to maintain the ray.)
The searing ray hits the scorpion.
The scorpion is heavily wounded.
The searing ray hits the hobgoblin.
The hobgoblin is almost dead.
Without enough magic to sustain it, your searing ray dissipates.
The scorpion stings you.
You are poisoned.
The scorpion poisons you!
You feel ready to blink again.
* * * LOW HITPOINT WARNING * * *
You feel very sick. The scorpion stings you.
* * * LOW HITPOINT WARNING * * *
Are you sure you want to abandon this character and quit the game? (Confirm with "yes".)

................## ###
............##...## ##.#
..................### #..##
....#....†..........# #...#
...##...............# ##..##
....##........>#...#### #....#
....##.........#..###.###....#
...###....##.....# #...#....##
.#.###.......#..@###........#####
##.#.........##gs...........>##..
##.#...........{o................
.....##........#..#.##...........
.....#........##..#....#.......##
.>..##......###..##....#..##....#
....##.##.##....)##.[......[.....
...............#..##..[...<......
..........##..##..###..........##


You could see a scorpion, an orc and a hobgoblin.

Vanquished Creatures
  3 hounds
  An orc priest (D:4)
  Crazy Yiuf (D:3)
  Jessica (D:2)
  A sleepcap (D:4)
  5 adders
  3 gnolls
  3 worms (D:2)
  3 dart slugs
  5 orcs
  6 bats
  4 endoplasms
  4 giant cockroaches
  10 hobgoblins
  9 kobolds
  3 quokkas
  5 ball pythons
  4 frilled lizards
  8 goblins
  2 rats
81 creatures vanquished.

Notes
Turn   | Place    | Note
-------+----------+-------------------------------------------
     0 | D:1      | Ordine the Deep Elf Conjurer began the quest for the Orb.
     0 | D:1      | Reached XP level 1. HP: 10/10 MP: 6/6
   177 | D:1      | Reached XP level 2. HP: 13/15 MP: 1/8
   180 | D:1      | Learned a level 2 spell: Searing Ray
  1001 | D:2      | Noticed Jessica
  1008 | D:2      | Reached XP level 3. HP: 19/19 MP: 3/9
  1009 | D:2      | Killed Jessica
  1010 | D:2      | Reached skill level 5 in Conjurations
  1105 | D:2      | Found a burning altar of Makhleb.
  1162 | D:2      | You fall into a shaft and drop 1 floor!
  1230 | D:3      | Found an ancient bone altar of Kikubaaqudgha.
  1378 | D:2      | Learned a level 2 spell: Blink
  1809 | D:2      | Reached XP level 4. HP: 24/24 MP: 1/12
  1814 | D:2      | Learned a level 4 spell: Iskenderun's Mystic Blast
  2603 | D:3      | Reached skill level 1 in Translocations
  2856 | D:3      | Found a snail-covered altar of Cheibriados.
  2863 | D:3      | Reached XP level 5. HP: 28/28 MP: 7/13
  3068 | D:3      | Found a bloodstained altar of Trog.
  3074 | D:3      | Got odd book
  3168 | D:3      | Found a runed translucent door.
  3169 | D:3      | Noticed Crazy Yiuf
  3176 | D:3      | Killed Crazy Yiuf
  3326 | D:3      | Found a faded altar of an unknown god.
  3547 | D:3      | Reached skill level 6 in Conjurations
  3688 | D:4      | Reached skill level 5 in Spellcasting
  3688 | D:4      | Reached XP level 6. HP: 32/32 MP: 9/15
  4044 | D:4      | Quit the game

Illustrated notes

Levels and vault maps discovered:
D:1:      heliophobic_arrival_enchanted_forest, layout_rooms, st_stairs_4
D:2:      layout_basic, basic_altar, uniq_jessica
D:3:      layout_loops_ring, nicolae_kikubaaqudgha_miasma_corner, trog_book,
          mainiacjoe_overflow_tiny_flanked,
          shapermc_ecumenical_altar_mp_highgroup, nicolae_elevator_lobby_plus,
          uniq_crazy_yiuf_cottage
D:4:      layout_cave_pools, jmf_multi_god_temple

Skill      XL: |  1  2  3  4  5 |
---------------+----------------+-----
Stealth        | 3 |  3.0
Dodging        | 3 |  3.0
Conjurations   | 5 6 |  6.7
Spellcasting   | 4 5 |  5.2
Translocations | 1 2 |  2.6

Action                     |  1- 3 |  4- 6 || total
---------------------------+-------+-------++-------
   Cast: Magic Dart        |    70 |    88 ||   158
         Searing Ray       |     1 |    13 ||    14
         Blink             |       |     1 ||     1
 Armour: Robe              |     2 |    19 ||    21
  Dodge: Dodged            |     4 |    19 ||    23

Table legend: (Time is in decaauts)
 A = Elapsed time spent in this place.
 B = Non-inter-level travel time spent in this place.
 C = Inter-level travel time spent in this place.
 D = Time resting spent in this place.
 E = Time spent auto-exploring this place.
 F = Levels seen in this place.
 G = Mean time per level.
                   A        B        C        D        E       F      G
               +--------+--------+--------+--------+--------+-----+--------+
         Total |   4046 |   3775 |    271 |    219 |   3139 |   4 | 1011.5 |
       Dungeon |   4046 |   3775 |    271 |    219 |   3139 |   4 | 1011.5 |
               +--------+--------+--------+--------+--------+-----+--------+

Top non-repeatable levels by time:
     D:2: 1539 daAuts
     D:3: 1217 daAuts
     D:1: 847 daAuts
     D:4: 443 daAuts
